 Dungeon Sprint DCSS version 0.18.1-48-g4cf74bf (webtiles) character file.

47427 Groucho the Whirler (level 14, -4/112 HPs)
             Began as a Halfling Hunter on June 25, 2016.
             Was the Champion of Qazlal.
             Killed from afar by a greater naga (43 damage)
             ... with a bolt of poison
             ... in the Dungeon (Sprint V: "Ziggurat Sprint").
             The game lasted 00:14:02 (3049 turns).

Groucho the Whirler (Halfling Hunter)               Turns: 3049, Time: 00:14:02

Health: -4/112     AC: 43    Str: 25    XL:     14   Next: 81%
Magic:  18/25      EV: 12    Int: 10    God:    Qazlal [******]
Gold:   0          SH: 42    Dex: 16    Spells: 0 memorised, 13 levels left

rFire  . . .     SeeInvis .     b - +9 greatsling
rCold  + + .     Gourm    .     K - +15 Maxwell's patent armour {-Cast -Tele rElec MR+ rCorr}
rNeg   + . .     Faith    .     L - +18 shield of the gong {rElec rN+ MR+ EV-5}
rPois  .         Spirit   .     (no helmet)
rElec  +         Dismiss  .     U - +1 cloak {+Inv}
rCorr  +         Reflect  .     R - +2 pair of gloves of Fomaroz {rC++ Str-3}
SustAt .         Harm     .     (no boots)
MR     +++..     NoTele   +     T - amulet of magic regeneration
Stlth  .......... NoCast   +    I - +6 ring of strength
                                H - +6 ring of strength

@: lethally poisoned (-4 -> -24), protected from physical damage, studying
Armour, repel missiles, extremely resistant to hostile enchantments, extremely
unstealthy
A: mutation resistance 1
a: Upheaval, Elemental Force, Disaster Area, Renounce Religion, Evoke
Invisibility


You were in the Dungeon.
You worshipped Qazlal.
Qazlal was exalted by your worship.
You were not hungry.

You visited 1 branch

Inventory:

Hand Weapons
 b - a +9 greatsling (weapon)
 J - the cursed +14 obsidian axe {chop, +Fly Str+3 SInv *Curse}
   (You found it in the Dungeon)

   It inflicts extra damage upon your enemies.
   It affects your strength (+3).
   It lets you see invisible.
   It lets you fly.
   It may re-curse itself when equipped.
   It has a curse placed upon it.
 M - the +8 lance "Wyrmbane" {slay drac, +Rage rPois rF+ AC+5}
   (You found it in the Dungeon)

   It affects your AC (+5).
   It protects you from fire.
   It protects you from poison.
   It lets you go berserk.
 N - the +6 shillelagh "Devastator" {shatter}
   (You found it in the Dungeon)
 Q - the +7 captain's cutlass {speed, disarm}
   (You found it in the Dungeon)

   Attacks with this weapon are significantly faster.
Missiles
 d - 972 sling bullets (quivered)
Armour
 a - a +5 gold dragon armour
 K - the +15 Maxwell's patent armour (worn) {-Cast -Tele rElec MR+ rCorr}
   (You found it in the Dungeon)

   It insulates you from electricity.
   It affects your resistance to hostile enchantments.
   It prevents spellcasting.
   It prevents most forms of teleportation.
   It protects you from acid and corrosion.
 L - the +18 shield of the gong (worn) {rElec rN+ MR+ EV-5}
   (You found it in the Dungeon)

   It affects your evasion (-5).
   It insulates you from electricity.
   It protects you from negative energy.
   It affects your resistance to hostile enchantments.
 R - the +2 pair of gloves of Fomaroz (worn) {rC++ Str-3}
   (You found it in the Dungeon)

   It affects your strength (-3).
   It greatly protects you from cold.
 U - a +1 cloak of invisibility (worn)
Rods
 D - a +6 rod of clouds (12/12)
   (You found it in the Dungeon)
Jewellery
 E - the ring "Favuug Poosm" {*Contam rC+ MP+9 Stlth+}
   (You found it in the Dungeon)

   [ring of stealth]

   It protects you from cold.
   It affects your magic capacity (+9).
   It causes magical contamination when unequipped.
   It makes you more stealthy.
 H - a +6 ring of strength (left hand)
 I - a +6 ring of strength (right hand)
 P - the ring "Kumolaos" {+Fly rN+ Slay+6}
   (You found it in the Dungeon)

   [ring of flight]

   It affects your accuracy and damage with ranged weapons and melee attacks
   (+6).
   It protects you from negative energy.
   It lets you fly.
 T - an amulet of magic regeneration (around neck)
Wands
 y - a wand of disintegration (6/24)
 A - a wand of iceblast (5/15)
 B - a wand of lightning (5/15)
 C - a wand of acid (4/15)
Scrolls
 k - 4 scrolls of blinking
 m - 4 scrolls of amnesia
 n - 3 scrolls of recharging
 o - 7 scrolls of fog
 p - a scroll of holy word
 q - 5 scrolls of identify
 r - 5 scrolls of remove curse
 s - 2 scrolls of fear
Potions
 e - 10 potions of curing
 g - 8 potions of heal wounds
 h - 5 potions of haste
 i - 6 potions of magic
 j - 3 potions of berserk rage
 t - 2 potions of brilliance
 u - 2 potions of invisibility
 v - 4 potions of resistance
 w - a potion of experience
 x - 6 potions of agility
 z - 7 potions of might
Books
 F - a manual of Armour
Miscellaneous
 V - a phantom mirror
Comestibles
 c - 42 fruits
 f - 3 bread rations
 l - 4 meat rations


   Skills:
 * Level 16.0 Fighting
 + Level 12.4 Short Blades
 + Level 20.3 Slings
 * Level 19.0 Armour
 + Level 11.1 Dodging
 - Level 1.1 Stealth
 * Level 18.4 Shields
 + Level 15.7 Invocations


You had 13 spell levels left.
You didn't know any spells.

Dungeon Overview and Level Annotations

Branches:
Dungeon (1/1)

Altars:
Ashenzari
Cheibriados
Dithmenos
Elyvilon
Fedhas
Gozag
Kikubaaqudgha
Makhleb
Nemelex Xobeh
Okawaru
Pakellas
Qazlal
Ru
Sif Muna
Trog
Vehumet
Xom
Yredelemnul
Zin
The Shining One
Beogh
Jiyva
Lugonu


Innate Abilities, Weirdness & Mutations

You are small and have problems with some larger weapons.
You are somewhat resistant to further mutation.


Message History

PTOANNNG!
You block the black mamba's attack.
GONNNNG!
The greater naga hits you from afar with a spear.
Firing (i - inventory):
d - 973 sling bullets (quivered)
Press: ? - help, Shift-Dir - straight line, f/p - black mamba
Aim: a black mamba (almost dead)
You shoot a sling bullet. The sling bullet hits the black mamba!!
You kill the black mamba!
Qazlal accepts your kill.
Your Armour skill increases to level 19!
You feel sick. You block the greater naga's attack.
SHROANNG!
Read which item? (? for menu, Esc to quit)
Okay, then.
You feel sick.
The greater naga points at you and mumbles some strange words.
The bolt of poison hits you!
You are more poisoned.
You die...

▓......§§§
▓..[:[.}:[|:..▓....[....
▓...........†.▓....)....
▓(†......†...(▓.........
▓........†....▓..▓.[...▓
▓.............▓.▓.▓...▓.
▓.....§N......▓..▓.....▓
▓.§§N§..▓ ▓......... ▓
▓▓.(@).▓▓ ▓▓▓▓▓▓▓▓▓▓
▓..▓..§.(..▓..▓....8©8..
▓....§§))§....▓..[\.)§§}
▓....§.(......▓....§).|.
▓▓▓▓▓▓▓▓▓▓▓▓▓▓▓....§....
▓...|.\§.. ▓...).....
▓......... ▓.....)...


You could see a greater naga and a naga.

Vanquished Creatures
  2 pandemonium lords (D)
  3 azure jellies (D)
  2 greater nagas (D)
  A frost giant (D)
  A reaper (D)
  A blizzard demon (D)
  A death ooze (D)
  3 vault guards (D)
  An ice dragon (D)
  An anaconda (D)
  4 naga warriors (D)
  A monstrous demonspawn (D)
  A hell beast (D)
  A deep elf knight (D)
  2 soul eaters (D)
  A shadow wraith (D)
  A deep elf archer (D)
  A spriggan druid (D)
  A torturous demonspawn (D)
  An orc knight (D)
  6 deep elf magi (D)
  2 guardian serpents (D)
  2 toenail golems (D)
  A rust devil (D)
  2 eyes of devastation (D)
  4 naga magi (D)
  7 black mambas (D)
  A smoke demon (D)
  2 hellions (D)
  3 orange demons (D)
  5 freezing wraiths (D)
  A hellwing (D)
  A red devil (D)
  A tormentor (D)
  4 ice devils (D)
  2 jumping spiders (D)
  3 slime creatures (D)
  A large abomination (D)
  A flying skull (D)
  A water elemental (D)
  A wraith (D)
  4 spriggans (D)
  A yak (D)
  A neqoxec (D)
  5 nagas (D)
  A porcupine (D)
  5 water moccasins (D)
  2 wasps (D)
  2 wolves (D)
  A giant frog (D)
  3 scorpions (D)
  A crimson imp (D)
  3 jellies (D)
  An orc priest (D)
  3 iron imps (D)
  2 orc wizards (D)
  A mummy (D)
  6 adders (D)
  2 white imps (D)
  An ufetubus (D)
  2 oozes (D)
  A spectral adder (D)
  An adder skeleton (D)
  An orc (D)
  6 bat skeletons (D)
  2 bat zombies (D)
  A jackal (D)
  2 giant cockroach zombies (D)
  2 jackal zombies (D)
  A quokka zombie (D)
  A spectral quokka (D)
146 creatures vanquished.

Notes
Turn   | Place    | Note
--------------------------------------------------------------
     0 | D        | Groucho the Halfling Hunter began the quest for the Orb.
     0 | D        | Reached XP level 1. HP: 14/14 MP: 1/1
    11 | D        | Found an iron altar of Okawaru.
    11 | D        | Found a radiant altar of Vehumet.
    11 | D        | Found a shimmering altar of Xom.
    11 | D        | Found a burning altar of Makhleb.
    11 | D        | Found a deep blue altar of Sif Muna.
    20 | D        | Found a bloodstained altar of Trog.
    21 | D        | Found a corrupted altar of Lugonu.
    21 | D        | Found a white marble altar of Elyvilon.
    21 | D        | Found a roughly hewn altar of Beogh.
    21 | D        | Found a sparkling altar of Nemelex Xobeh.
    21 | D        | Found a viscous altar of Jiyva.
    61 | D        | Became a worshipper of Qazlal Stormbringer
    84 | D        | Entered arena 1.
    84 | D        | Noticed a toenail golem
    84 | D        | Noticed a toenail golem
   101 | D        | Killed a toenail golem
   101 | D        | Reached skill level 5 in Fighting
   101 | D        | Reached skill level 10 in Slings
   101 | D        | Reached XP level 2. HP: 21/25 MP: 1/6
   101 | D        | Reached XP level 3. HP: 25/30 MP: 1/7
   101 | D        | Reached XP level 4. HP: 31/36 MP: 1/8
   101 | D        | Reached XP level 5. HP: 35/41 MP: 1/9
   101 | D        | Reached XP level 6. HP: 39/46 MP: 1/10
   122 | D        | Killed a toenail golem
   122 | D        | Reached skill level 11 in Slings
   122 | D        | Reached XP level 7. HP: 45/53 MP: 3/12
   127 | D        | Got the ring of Kuomick {MR+ Str+2 Int+2 Slay+2}
   184 | D        | Entered arena 2.
   184 | D        | Noticed a naga
   184 | D        | Noticed a naga
   197 | D        | Killed a naga
   197 | D        | Reached XP level 8. HP: 51/60 MP: 12/14
   199 | D        | Reached * piety under Qazlal
   199 | D        | Reached skill level 12 in Slings
   380 | D        | Entered arena 3.
   380 | D        | Noticed a yak
   391 | D        | Killed a yak
   391 | D        | Reached ** piety under Qazlal
   398 | D        | Entered arena 4.
   486 | D        | Entered arena 5.
   486 | D        | Noticed a jumping spider
   486 | D        | Noticed a jumping spider
   493 | D        | Reached *** piety under Qazlal
   493 | D        | Reached XP level 9. HP: 66/66 MP: 10/15
   496 | D        | Killed a jumping spider
   496 | D        | Reached skill level 13 in Slings
   498 | D        | Killed a jumping spider
   527 | D        | Got the ring "Kumolaos" {+Fly rN+ Slay+6}
   537 | D        | Entered arena 6.
   537 | D        | Noticed a black mamba
   537 | D        | Noticed a black mamba
   544 | D        | Killed a black mamba
   544 | D        | Reached skill level 10 in Armour
   544 | D        | Reached skill level 10 in Shields
   544 | D        | Reached skill level 10 in Invocations
   546 | D        | Killed a black mamba
   546 | D        | Reached **** piety under Qazlal
   546 | D        | Reached skill level 14 in Slings
   555 | D        | Reached XP level 10. HP: 31/74 MP: 17/17
   591 | D        | Got the +2 pair of gloves of Fomaroz {rC++ Str-3}
   984 | D        | Entered arena 7.
   984 | D        | Noticed an orc knight
   984 | D        | Noticed a vault guard
   984 | D        | Noticed a frost giant
   984 | D        | Noticed a vault guard
   984 | D        | Noticed a vault guard
   986 | D        | Killed a vault guard
   986 | D        | Reached skill level 15 in Slings
   987 | D        | Killed a frost giant
   987 | D        | Reached skill level 10 in Fighting
   988 | D        | Killed an orc knight
   990 | D        | Killed a vault guard
   990 | D        | Reached skill level 16 in Slings
   990 | D        | Reached XP level 11. HP: 82/82 MP: 1/20
   993 | D        | Killed a vault guard
   993 | D        | Reached ***** piety under Qazlal
   998 | D        | Killed a shadow wraith
  1245 | D        | Entered arena 8.
  1245 | D        | Noticed a spriggan rider
  1245 | D        | Noticed a spriggan rider
  1245 | D        | Noticed a spriggan druid
  1246 | D        | Reached skill level 1 in Short Blades
  1246 | D        | Killed a spriggan rider
  1257 | D        | Killed a spriggan druid
  1257 | D        | Reached skill level 17 in Slings
  1323 | D        | Entered arena 9.
  1324 | D        | Reached ****** piety under Qazlal
  1340 | D        | Got the amulet "Koejyow" {*Corrode rElec Regen+ Int+3}
  1570 | D        | Entered arena 10.
  1570 | D        | Noticed a deep elf mage
  1570 | D        | Noticed a deep elf mage
  1570 | D        | Noticed a deep elf mage
  1570 | D        | Noticed a deep elf mage
  1570 | D        | Noticed a deep elf mage
  1570 | D        | Noticed a deep elf knight
  1570 | D        | Noticed a deep elf archer
  1570 | D        | Noticed a deep elf mage
  1572 | D        | Killed a deep elf archer
  1572 | D        | Killed a deep elf mage
  1573 | D        | Killed a deep elf knight
  1573 | D        | Reached XP level 12. HP: 91/91 MP: 12/21
  1573 | D        | Reached skill level 5 in Short Blades
  1574 | D        | Reached skill level 5 in Dodging
  1804 | D        | Entered arena 11.
  1805 | D        | Noticed a soul eater
  1805 | D        | Noticed a soul eater
  1806 | D        | Killed a soul eater
  1810 | D        | Killed a soul eater
  1823 | D        | Got the ring "Lose" {SustAt Str-2 Dex+5}
  1828 | D        | Got the ring of the Centipede {rC+ Int+4}
  1839 | D        | Entered arena 12.
  1839 | D        | Noticed a naga warrior
  1840 | D        | Noticed an anaconda
  1842 | D        | Noticed a naga warrior
  1842 | D        | Noticed a greater naga
  1850 | D        | Killed an anaconda
  1851 | D        | Killed a greater naga
  1851 | D        | Reached skill level 18 in Slings
  1851 | D        | Killed a naga warrior
  1851 | D        | Reached skill level 15 in Armour
  1851 | D        | Reached skill level 15 in Shields
  1851 | D        | Killed a naga warrior
  1894 | D        | Entered arena 13.
  1897 | D        | Noticed a reaper
  1899 | D        | Reached XP level 13. HP: 27/99 MP: 23/23
  1902 | D        | Killed a reaper
  2469 | D        | Entered arena 14.
  2470 | D        | Noticed Gistech the pandemonium lord
  2471 | D        | Noticed Vigiuv the pandemonium lord
  2472 | D        | Noticed a monstrous demonspawn
  2472 | D        | Noticed a hell beast
  2474 | D        | Killed a hell beast
  2478 | D        | Killed Vigiuv the pandemonium lord
  2478 | D        | Reached skill level 19 in Slings
  2479 | D        | Killed a monstrous demonspawn
  2479 | D        | Reached skill level 10 in Short Blades
  2488 | D        | HP: 3/102 [Gistech the pandemonium lord/bolt of fire (21)]
  2529 | D        | Killed Gistech the pandemonium lord
  2529 | D        | Reached XP level 14. HP: 48/108 MP: 13/25
  2553 | D        | Entered arena 15.
  2555 | D        | Reached skill level 15 in Invocations
  2561 | D        | Reached skill level 15 in Fighting
  2825 | D        | Entered arena 16.
  2827 | D        | Noticed an azure jelly
  2827 | D        | Noticed an azure jelly
  2828 | D        | Noticed an azure jelly
  2830 | D        | Killed an azure jelly
  2830 | D        | Reached skill level 10 in Dodging
  2830 | D        | Killed an azure jelly
  2832 | D        | Killed an azure jelly
  2832 | D        | Reached skill level 20 in Slings
  2849 | D        | Got the ring "Favuug Poosm" {*Contam rC+ MP+9 Stlth+}
  3020 | D        | Entered arena 17.
  3022 | D        | Noticed a greater naga
  3024 | D        | Killed a greater naga
  3031 | D        | Noticed a greater naga
  3049 | D        | Killed from afar by a greater naga

Skill      XL: |  1  2  3  4  5  6  7  8  9 10 11 12 13 14 |
---------------+-------------------------------------------+-----
Fighting       | 5 6 7 9 10 12 13 14 16 | 16.0
Slings         | 10 11 12 14 16 17 18 19 20 | 20.3
Armour         | 6 7 8 9 10 12 13 15 17 19 | 19.0
Shields        | 6 7 8 9 10 12 13 15 17 18 | 18.4
Invocations    | 6 7 8 9 10 12 13 14 15 | 15.7
Short Blades   | 4 7 10 12 | 12.4
Dodging        | 4 6 9 11 | 11.1
Stealth        | |  1.1

Action                   |  1- 3 |  4- 6 |  7- 9 | 10-12 | 13-15 || total
-------------------------+-------+-------+-------+-------+-------++-------
Melee: Lance             |    16 |    21 |    25 |       |       ||    62
       Cutlass           |       |       |       |     4 |    29 ||    33
 Fire: Greatsling        |       |       |    33 |    66 |    62 ||   161
Invok: Upheaval          |       |       |     4 |    15 |    11 ||    30
       Disaster Area     |       |       |       |     3 |     7 ||    10
Evoke: Wand              |       |       |       |       |     2 ||     2
  Use: Scroll            |       |       |       |     4 |       ||     4
       Potion            |       |       |       |       |     6 ||     6
  Eat: Bread ration      |       |       |       |     1 |     1 ||     2
Armor: Plate armour      |    11 |     4 |    20 |     8 |    35 ||    78
Dodge: Dodged            |     1 |       |     3 |     3 |    15 ||    22
       Deflected         |       |       |       |       |     4 ||     4
Block: Shield            |    23 |    20 |   104 |    67 |   131 ||   345
